 Dungeon Crawl Stone Soup version 0.30-a0-1103-g25895a7845 (webtiles) character file.

Game seed: 12660324068389835922

91838 Newt the Champion of Chaos (level 15, 0/115 HPs)
             Began as a Demonspawn Gladiator on Apr 18, 2023.
             Was the Champion of Makhleb.
             Slain by a naga warrior
             ... wielding a +1 halberd of protection
              (14 damage)
             ... on level 2 of the Snake Pit.
             The game lasted 00:34:12 (24188 turns).

Newt the Champion of Chaos (Demonspawn Gladiator)  Turns: 24188, Time: 00:34:13

Health: 0/115      AC: 40    Str: 27    XL:     15   Next: 56%
Magic:  27/27      EV:  6    Int: 15    God:    Makhleb [******]
Gold:   820        SH: 19    Dex: 17    Spells: 14/14 levels left

rFire   + . .      SeeInvis .    n - +9 mace of Zoggerint {protect, rElec rPois Int+2}
rCold   + . .      Faith    +    Y - +4 tower shield of Antique Lucidity {rN+}
rNeg    + . .      Spirit   .    D - +3 crystal plate armour
rPois   +          Reflect  .    (helmet unavailable)
rElec   +          Rampage  .    U - scarf {rC+ rF+}
rCorr   .                        g - +2 pair of gloves
Will    ++...                    o - +2 pair of boots Stlth
                                 A - amulet of faith
HPRegen 0.39/turn                l - +5 ring of evasion
MPRegen 0.20/turn                T - ring "Kexoecs" {Will+ Str+3}

@: lethally poisoned (0 -> -5), under a protective aura, slowed, constricted,
very slow
A: horns 3, demonic guardian 1, foul stench 2, augmentation 1, big brain 2,
agile 1, strong 1
a: Renounce Religion, Minor Destruction, Lesser Servant of Makhleb, Major
Destruction, Greater Servant of Makhleb


You were on level 2 of the Snake Pit.
You worshipped Makhleb.
Makhleb was exalted by your worship.
You visited 4 branches of the dungeon, and saw 20 of its levels.
You also visited: Sewer, Bailey and Volcano.

You collected 2299 gold pieces.
You spent 1479 gold pieces at shops.

Inventory:

Hand Weapons
 n - the +9 mace of Zoggerint (weapon) {protect, rElec rPois Int+2}
   (You found it on level 2 of the Dungeon)

   Int:       It affects your intelligence (+2).
   rElec:     It insulates you from electricity.
   rPois:     It protects you from poison.
Missiles
 d - 3 throwing nets
 e - 7 javelins
 k - 34 poisoned darts
 p - 26 boomerangs (quivered)
 C - 2 silver boomerangs
Armour
 g - a +2 pair of gloves (worn)
 o - a +2 pair of boots (worn)
 w - the +2 leather armour of Temperance {rCorr Str+3}
   (You bought it in a shop on level 1 of the Dungeon)

   Str:       It affects your strength (+3).
   rCorr:     It protects you from acid and corrosion.
 D - a +3 crystal plate armour (worn)
 S - a +2 kite shield of fire resistance
 U - a scarf of resistance (worn)
 Y - the +4 tower shield of Antique Lucidity (worn) {rN+}
   (You took it off an orc warrior in a bailey)

   rN:        It protects you from negative energy.
Jewellery
 l - a +5 ring of evasion (left hand)
 y - a ring of poison resistance
 A - an amulet of faith (around neck)
 O - a ring of flight
 T - the ring "Kexoecs" (right hand) {Will+ Str+3}
   (You bought it in a shop on level 1 of the Orcish Mines)

   [ring of willpower]

   Str:       It affects your strength (+3).
   Will:      It increases your willpower.
Wands
 c - a wand of quicksilver (3)
 s - a wand of flame (18)
 H - a wand of mindburst (10)
 L - a wand of charming (20)
 R - a wand of polymorph (5)
 V - a wand of iceblast (8)
 X - a wand of digging (8)
Scrolls
 b - 2 scrolls of blinking
 i - a scroll of magic mapping
 m - 9 scrolls of teleportation
 r - a scroll of brand weapon
 u - 5 scrolls of enchant weapon
 z - 6 scrolls of poison
 B - 3 scrolls of fear
 F - 6 scrolls of amnesia
 M - 6 scrolls of identify
 Q - a scroll of fog
 W - a scroll of summoning
Potions
 a - a potion of brilliance
 f - 4 potions of invisibility
 h - 5 potions of attraction
 j - 7 potions of curing
 q - 2 potions of ambrosia
 t - 4 potions of mutation
 v - 2 potions of resistance
 x - 5 potions of haste
 E - a potion of cancellation
 G - 3 potions of lignification
 I - 2 potions of might
 J - 3 potions of flight
 K - 3 potions of magic
 N - 5 potions of berserk rage
 P - 4 potions of heal wounds
Miscellaneous
 Z - a tin of tremorstones (2/2)


   Skills:
 - Level 10.0 Fighting
 - Level 2.6 Short Blades
 - Level 12.0 Maces & Flails
 * Level 8.9 Throwing
 - Level 14.0 Armour
 - Level 2.6 Dodging
 - Level 7.0 Shields
 - Level 16.0 Invocations
 - Level 5.0 Evocations


You had 14 spell levels left.
You didn't know any spells.
Your spell library contained the following spells:

 Spells                   Type           Power      Damage    Failure   Level
 Apportation              Tloc           0%         N/A       100%        1
 Foxfire                  Conj/Fire      0%         2x1d4     100%        1
 Freeze                   Ice            0%         1d3       100%        1
 Magic Dart               Conj           0%         1d3       100%        1
 Necrotise                Necr           0%         1d4       100%        1
 Summon Small Mammal      Summ           0%         N/A       100%        1
 Call Imp                 Summ           0%         N/A       100%        2
 Ensorcelled Hibernation  Hex/Ice        0%         N/A       100%        2
 Passwall                 Tmut/Erth      0%         N/A       100%        2
 Call Canine Familiar     Summ           0%         N/A       100%        3
 Dazzling Flash           Conj/Hex       0%         N/A       100%        3
 Frozen Ramparts          Ice            0%         1d1       100%        3
 Gell's Gravitas          Tloc           0%         N/A       100%        3
 Hailstorm                Conj/Ice       0%         3d3       100%        3
 Mephitic Cloud           Conj/Pois/Air  0%         N/A       100%        3
 Portal Projectile        Hex/Tloc       0%         N/A       100%        3
 Swiftness                Air            0%         N/A       100%        3
 Teleport Other           Tloc           0%         N/A       100%        3
 Tukima's Dance           Hex            0%         N/A       100%        3
 Vhi's Electric Charge    Tloc/Air       0%         N/A       100%        3
 Volatile Blastmotes      Fire/Tloc      0%         2d10      100%        3
 Animate Dead             Necr           0%         N/A       100%        4
 Ice Form                 Ice/Tmut       0%         N/A       100%        4
 Iskenderun's Mystic Bla  Conj/Tloc      0%         2d3       100%        4
 Leda's Liquefaction      Hex/Erth       0%         N/A       100%        4
 Arcjolt                  Conj/Air       0%         1d10      100%        5
 Blade Hands              Tmut           0%         N/A       100%        5
 Fireball                 Conj/Fire      0%         3d3       100%        5
 Summon Forest            Summ/Tloc      0%         N/A       100%        5
 Summon Mana Viper        Hex/Summ       0%         N/A       100%        5
 Dispersal                Tloc           0%         N/A       100%        6
 Plasma Beam              Fire/Air       0%         2x1d11    100%        6
 Simulacrum               Ice/Necr       0%         N/A       100%        6
 Starburst                Conj/Fire      0%         6d3       100%        6
 Summon Cactus Giant      Summ           0%         N/A       100%        6
 Haunt                    Necr/Summ      0%         N/A       100%        7
 Infestation              Necr           0%         N/A       100%        8
 Maxwell's Capacitive Co  Air            0%         ∞         100%        8


Dungeon Overview and Level Annotations

Branches:
Dungeon (11/15)            Temple (0/1) D:6            Lair (5/5) D:9
  Swamp (0/4) Lair:3        Snake (2/4) Lair:3        Slime (0/5) Lair:4
    Orc (2/2) D:11            Elf (0/3) Orc:2         Sewer (visited)
 Bailey (visited)         Volcano (visited)

Altars:
Fedhas
Kikubaaqudgha
Makhleb
Okawaru
Ru
Wu Jian
Xom
Yredelemnul
Jiyva

Shops:
D:1 [[?   D:5 [(   Orc:1 =   Orc:2 [[*

Portals:
Abyss: Orc:1

Annotations:
Orc:1 2 transporters, AwFulAwFulPlayer's ghost, journeyman DsCK
Orc:2 1 runed translucent door, Zeldest's ghost, journeyman DsIE


Innate Abilities, Weirdness & Mutations

You have a pair of large horns on your head.
A weak demonic guardian rushes to your aid.
You sometimes emit foul miasma when damaged in melee.
Your magical and physical power is slightly enhanced at high health.
You have an extremely huge brain. (Int +4)
You are agile. (Dex +4, Str/Int -1)
Your muscles are strong. (Str +4, Int/Dex -1)


Message History

The naga warrior blocks your attack.
The naga warrior is lightly wounded.
The naga warrior hits you with a +0 mace.
You emit a cloud of foul miasma!
You block the naga warrior's attack. The naga warrior spits poison at you.
The splash of poison hits you but does no damage.
You are poisoned.
You have difficulty breathing.
You feel yourself slow down. The naga warrior blocks your attack.
Your headbutt misses the naga warrior.
The naga warrior is lightly wounded.
You feel extremely sick.
The naga warrior is engulfed in dark miasma.
The naga warrior hits you but does no damage.
The naga warrior barely misses you. You block the naga warrior's attack.
The naga warrior is engulfed in dark miasma.
The naga warrior is poisoned.
The naga warrior seems to slow down.
The naga warrior hits you with a +0 mace.
You block the naga warrior's attack. x2
You feel very sick.
The naga warrior is no longer moving slowly.
You block the naga warrior's attack. The naga warrior grabs you.
The naga warrior constricts you.
The naga warrior is engulfed in dark miasma.
The naga warrior looks even sicker.
The naga warrior hits you with a +0 mace!!
A salamander mystic comes into view. It is wielding a +0 spear.
You hit the naga warrior but do no damage.
Your weapon exudes an aura of protection.
You feel very sick.
The naga warrior no longer looks unusually toxic.
The naga warrior hits you with a +1 halberd of protection!!!
* * * LOW HITPOINT WARNING * * *
The naga warrior constricts you.
The naga warrior is engulfed in dark miasma.
The naga warrior seems to slow down.
The naga warrior hits you with a +0 mace!
* * * LOW HITPOINT WARNING * * *
A demonic guardian appears!
The naga warrior hits you with a +1 halberd of protection!
You die...

#.....[# ##. ##..).[# ##
###..÷))# ## ####......###
#. ###....[).....########.
.. ##......##...).......#..
...##....†.)####............
...#......N.## ##.......)...
...........@.# ###...###...
...........N4# ##### ##..
.............## #..
##..#.........### ... #..
###.........# ... ..
##.......... ... .
##N.....#.... ##..####..##..
##..## #.# ..


You could see 2 naga warriors, a salamander mystic and a friendly rust devil
(summoned).

Vanquished Creatures
  6 hydras
  A catoblepas (Lair:1)
  5 anacondas (Snake:1)
  6 death yaks (Lair:1)
  5 naga warriors
  5 orc high priests (Orc:2)
  A shock serpent (Snake:2)
  3 skysharks
  A fire crab (Volcano)
  A naga ritualist (Snake:1)
  2 deep elf pyromancers (Orc:2)
  2 orc knights
  Pikel (D:4)
  A lindwurm (Volcano)
  2 ugly things (D:11)
  A salamander (Lair:3)
  12 elephants
  7 black mambas
  5 naga magi
  2 guardian serpents
  An eye of devastation (Lair:4)
  A torpor snail (Lair:5)
  2 gargoyles (D:10)
  5 cane toads
  A kobold demonologist (D:10)
  9 rime drakes
  9 komodo dragons
  7 trolls
  3 polar bears
  A hornet (D:8)
  A tyrant leech (Lair:3)
  31 blink frogs
  5 dream sheep (Lair:4)
  A vampire (D:9)
  2 wraiths
  55 yaks
  3 basilisks
  7 fire bats (Volcano)
  3 wyverns
  4 steam dragons
  3 wargs
  Menkaure (D:7)
  13 nagas
  3 acid dragons
  3 hell hounds (Volcano)
  17 water moccasins
  A floating eye (Lair:4)
  21 orc warriors
  Duvessa (D:7)
  A swamp drake (Orc:2)
  2 black bears
  An ice beast (D:8)
  2 sky beasts
  5 ogres
  17 wolves
  5 centaurs
  8 bullfrogs
  3 kobold brigands
  2 scorpions
  6 wights
  Dowan (D:7)
  A blink frog simulacrum (Lair:1)
  6 killer bees (D:10)
  3 howler monkeys
  A crimson imp (Orc:2)
  3 lava snakes (Lair:3)
  8 hounds
  A gnoll bouda (D:5)
  An iron imp (Orc:2)
  32 orc priests
  Terence (D:2)
  7 iguanas
  A sleepcap (D:6)
  23 orc wizards
  A hell rat (Lair:2)
  A polar bear simulacrum (Lair:1)
  A yak simulacrum (Lair:1)
  A bullfrog simulacrum (Lair:1)
  11 gnolls
  11 adders
  2 river rats (Sewer)
  A shadow imp (Orc:2)
  2 white imps
  An ufetubus (D:6)
  3 worms
  4 dart slugs
  102 orcs
  13 ball pythons
  6 bats
  5 endoplasms
  6 giant cockroaches
  9 goblins
  5 hobgoblins
  A jackal (D:3)
  2 quokkas
  14 frilled lizards
  20 kobolds
  5 rats
651 creatures vanquished.

Vanquished Creatures (collateral kills)
  A fire dragon (Lair:5)
  The ghost of LobsterGuardian the Basher, a journeyman DsMo of Hepliaklqana (Lair:1)
  Harold (Orc:1)
  A hydra (Lair:5)
  3 naga warriors
  An anaconda (Snake:1)
  3 naga sharpshooters
  2 orc high priests (Orc:2)
  Nergalle (Orc:1)
  Sonja (Orc:1)
  A naga ritualist (Snake:1)
  A swamp dragon (Lair:5)
  3 mana vipers (Snake:1)
  A salamander (Snake:2)
  6 elephants
  6 black mambas
  A naga mage (Snake:1)
  A guardian serpent (Snake:1)
  A komodo dragon (Lair:5)
  A polar bear (Lair:4)
  2 blink frogs (Lair:1)
  3 yaks
  2 basilisks (Lair:5)
  A death yak simulacrum (Lair:1)
  A warg (Orc:2)
  10 nagas
  2 water moccasins (Lair:2)
  An acid dragon (Lair:5)
  An orc warrior (Bailey)
  3 wolves
  4 orc priests (Orc:2)
  A water moccasin simulacrum (Lair:1)
  10 orcs
  2 plants (Lair:5)
80 creatures vanquished.

Vanquished Creatures (others)
  24 fungi
  42 plants
66 creatures vanquished.

Grand Total: 797 creatures vanquished

Notes
Turn   | Place    | Note
-------+----------+-------------------------------------------
     0 | D:1      | Newt the Demonspawn Gladiator began the quest for the Orb.
     0 | D:1      | Reached XP level 1. HP: 16/16 MP: 1/1
    68 | D:1      | Found Cirallok's Armour Boutique.
    72 | D:1      | Found Jazamozef's Antique Armour Shop.
   210 | D:1      | Gained mutation: You have a pair of small horns on your
                  | head. [demonic ancestry]
   210 | D:1      | Reached XP level 2. HP: 23/23 MP: 2/2
   225 | D:1      | Found Wel Zomm's Magic Scroll Shop.
  1020 | D:2      | Found an ancient bone altar of Kikubaaqudgha.
  1088 | D:2      | Identified the +9 mace of Zoggerint {protect, rElec rPois
                  | Int+2}
  1330 | D:2      | Reached XP level 3. HP: 25/29 MP: 3/3
  1477 | D:2      | Noticed Terence
  1487 | D:2      | Killed Terence
  1488 | D:2      | Reached skill level 1 in Maces & Flails
  1488 | D:2      | Reached XP level 4. HP: 16/37 MP: 4/4
  2116 | D:3      | Found a burning altar of Makhleb.
  2285 | D:3      | Became a worshipper of Makhleb the Destroyer
  2318 | D:3      | Gained mutation: You have a pair of horns on your head.
                  | [demonic ancestry]
  2318 | D:3      | Reached XP level 5. HP: 22/42 MP: 5/5
  2451 | D:3      | Found a blossoming altar of Fedhas.
  2767 | D:3      | Gained mutation: You occasionally shout uncontrollably at
                  | your foes. [potion of mutation]
  2768 | D:3      | Lost mutation: You occasionally shout uncontrollably at
                  | your foes. [potion of mutation]
  2768 | D:3      | Gained mutation: Your muscles are strong. (Str +4, Int/Dex
                  | -1) [potion of mutation]
  2768 | D:3      | Gained mutation: You do not regenerate when monsters are
                  | visible. [potion of mutation]
  2768 | D:3      | Gained mutation: You occasionally lose the ability to drink
                  | potions when taking damage. [potion of mutation]
  2769 | D:3      | Lost mutation: You do not regenerate when monsters are
                  | visible. [potion of mutation]
  2769 | D:3      | Lost mutation: You occasionally lose the ability to drink
                  | potions when taking damage. [potion of mutation]
  2769 | D:3      | Gained mutation: You are agile. (Dex +4, Str/Int -1)
                  | [potion of mutation]
  2825 | D:4      | Noticed a lemure
  2828 | D:4      | Noticed Pikel
  2830 | D:4      | Noticed a lemure
  2830 | D:4      | Noticed a lemure
  2834 | D:4      | Noticed a lemure
  2839 | D:4      | Killed Pikel
  2840 | D:4      | Reached skill level 5 in Maces & Flails
  2840 | D:4      | Reached XP level 6. HP: 47/48 MP: 6/6
  2840 | D:4      | Gained mutation: You have an unusually large brain. (Int
                  | +2) [demonic ancestry]
  2840 | D:4      | Reached XP level 7. HP: 53/54 MP: 7/7
  3115 | D:4      | Reached * piety under Makhleb
  3841 | D:5      | Entered Level 5 of the Dungeon
  3985 | D:5      | Found a shimmering altar of Xom.
  4033 | D:5      | Found a glowing drain.
  4046 | Sewer    | Entered a sewer
  4233 | Sewer    | Gained mutation: A weak demonic guardian rushes to your
                  | aid. [demonic ancestry]
  4233 | Sewer    | Reached XP level 8. HP: 60/60 MP: 8/8
  4408 | D:5      | Reached ** piety under Makhleb
  4843 | D:5      | Found Urghe's Weapon Emporium.
  5131 | D:5      | Found Homiov's Armour Emporium.
  5397 | D:6      | Found an iron altar of Okawaru.
  5404 | D:6      | Found an ornate altar of the Wu Jian Council.
  5475 | D:6      | Found a staircase to the Ecumenical Temple.
  5956 | D:6      | Reached skill level 1 in Evocations
  6530 | D:7      | Noticed Dowan
  6530 | D:7      | Noticed Duvessa
  6542 | D:7      | Killed Duvessa
  6543 | D:7      | Gained mutation: You have a pair of large horns on your
                  | head. [demonic ancestry]
  6543 | D:7      | Reached XP level 9. HP: 64/65 MP: 9/9
  6547 | D:7      | Killed Dowan
  6727 | D:1      | Bought a pitted ring mail for 180 gold pieces
  6727 | D:1      | Identified the +5 ring mail "Ytsaeleu" {Rampage +Inv rF-}
                  | (You bought it in a shop on level 1 of the Dungeon)
  6737 | D:1      | Bought a pair of glowing gloves for 150 gold pieces
  6867 | D:7      | Noticed Menkaure
  6874 | D:7      | Killed Menkaure
  6876 | D:7      | Identified the +0 rapier of Corruption {holy, rPois Int-2
                  | SInv}
  7012 | D:7      | Reached *** piety under Makhleb
  7059 | D:7      | Reached skill level 5 in Evocations
  7059 | D:7      | Reached skill level 1 in Invocations
  7130 | D:7      | Reached skill level 2 in Invocations
  7303 | D:7      | Reached skill level 3 in Invocations
  7342 | D:7      | Found a sacrificial altar of Ru.
  7489 | D:8      | Reached skill level 4 in Invocations
  7519 | D:8      | Reached skill level 5 in Invocations
  7754 | D:8      | Reached skill level 6 in Invocations
  7779 | D:8      | Reached **** piety under Makhleb
  7780 | D:8      | Reached skill level 7 in Invocations
  8012 | D:9      | Found a flagged portal.
  8030 | Bailey   | Entered a bailey
  8092 | Bailey   | Reached skill level 8 in Invocations
  8218 | Bailey   | Reached skill level 9 in Invocations
  8462 | Bailey   | Identified the +4 tower shield of Antique Lucidity {rN+}
  8491 | Bailey   | Noticed an orc knight
  8511 | Bailey   | Killed an orc knight
  8512 | Bailey   | Reached skill level 10 in Invocations
  8512 | Bailey   | Gained mutation: Your magical and physical power is
                  | slightly enhanced at high health. [demonic ancestry]
  8512 | Bailey   | Reached XP level 10. HP: 36/71 MP: 15/17
  8900 | D:9      | Reached ***** piety under Makhleb
  9240 | D:9      | Found a staircase to the Lair.
  9257 | D:9      | Reached skill level 5 in Armour
 10044 | Lair:1   | Entered Level 1 of the Lair of Beasts
 10284 | Lair:1   | Noticed LobsterGuardian's ghost (journeyman DsMo)
 10402 | Lair:1   | Found a basalt altar of Yredelemnul.
 10402 | Lair:1   | Noticed a death yak
 10402 | Lair:1   | Noticed a death yak
 10402 | Lair:1   | Noticed a death yak
 10402 | Lair:1   | Noticed a death yak
 10402 | Lair:1   | Noticed a death yak
 10402 | Lair:1   | Noticed a death yak
 10415 | Lair:1   | Killed a death yak
 10416 | Lair:1   | Reached XP level 11. HP: 73/77 MP: 18/18
 10424 | Lair:1   | Killed a death yak
 10434 | Lair:1   | Killed a death yak
 10443 | Lair:1   | Killed a death yak
 10444 | Lair:1   | Reached skill level 10 in Armour
 10444 | Lair:1   | Reached skill level 1 in Shields
 10460 | Lair:1   | Killed a death yak
 10479 | Lair:1   | Killed a death yak
 10757 | Lair:1   | Noticed a catoblepas
 10777 | Lair:1   | Killed a catoblepas
 10778 | Lair:1   | Reached skill level 5 in Shields
 11088 | Lair:1   | Found a runed translucent gate.
 11091 | Lair:1   | Found a runed translucent gate.
 11093 | Lair:1   | Found a runed translucent gate.
 11736 | Lair:1   | Killed LobsterGuardian's ghost
 12026 | Lair:2   | Reached skill level 5 in Fighting
 12042 | Lair:2   | Gained mutation: You have an extremely huge brain. (Int +4)
                  | [demonic ancestry]
 12042 | Lair:2   | Reached XP level 12. HP: 79/86 MP: 19/19
 12596 | Lair:2   | Noticed a six-headed hydra
 12602 | Lair:2   | Killed a six-headed hydra
 12610 | Lair:2   | Identified the +3 lajatang of Tension {drain, Int+6 SInv}
 12912 | Lair:2   | Reached ****** piety under Makhleb
 13046 | Lair:2   | Reached skill level 10 in Fighting
 13851 | D:1      | Bought a spiked leather armour for 140 gold pieces
 13851 | D:1      | Identified the +2 leather armour of Temperance {rCorr
                  | Str+3} (You bought it in a shop on level 1 of the Dungeon)
 14530 | Lair:3   | Noticed a seven-headed hydra
 14531 | Lair:3   | Noticed a six-headed hydra
 14537 | Lair:3   | Killed a seven-headed hydra
 14547 | Lair:3   | Reached skill level 10 in Maces & Flails
 14550 | Lair:3   | Killed a six-headed hydra
 14746 | Lair:3   | Found a staircase to the Swamp.
 14847 | Lair:3   | Reached XP level 13. HP: 99/103 MP: 20/20
 15313 | Lair:3   | Found a staircase to the Snake Pit.
 15516 | Lair:4   | Found a dark tunnel.
 15525 | Volcano  | Entered a volcano
 15936 | Lair:4   | Reached skill level 11 in Invocations
 15960 | Lair:4   | Paralysed by a floating eye for 3 turns
 15987 | Lair:4   | Found a staircase to the Slime Pits.
 15987 | Lair:4   | Found a viscous altar of Jiyva.
 16430 | Lair:4   | Reached skill level 12 in Invocations
 16589 | Lair:4   | Reached skill level 13 in Invocations
 17079 | Lair:5   | Entered Level 5 of the Lair of Beasts
 17127 | Lair:5   | Reached skill level 14 in Invocations
 17205 | Lair:5   | Gained mutation: You may rarely emit foul miasma when
                  | damaged in melee. [demonic ancestry]
 17205 | Lair:5   | Reached XP level 14. HP: 84/110 MP: 24/24
 17399 | Lair:5   | Reached skill level 15 in Invocations
 17417 | Lair:5   | Found an ancient bone altar of Kikubaaqudgha.
 17826 | Lair:5   | Reached skill level 16 in Invocations
 18460 | D:10     | Entered Level 10 of the Dungeon
 18497 | D:10     | Identified the +1 robe "Puemoiwoho" {rN+}
 19430 | D:11     | Identified the +4 dagger "Worm's Wrath" {antimagic, Will+}
 19452 | D:11     | Found a staircase to the Orcish Mines.
 19620 | Orc:1    | Entered Level 1 of the Orcish Mines
 19682 | Orc:1    | Noticed Harold
 19692 | Orc:1    | Killed Harold
 19733 | Orc:1    | Noticed Nergalle
 19734 | Orc:1    | Noticed Sonja
 19745 | Orc:1    | Killed Sonja
 19747 | Orc:1    | Killed Nergalle
 19874 | Orc:1    | Found a transporter.
 19884 | Orc:1    | Found a one-way gate to the infinite horrors of the Abyss.
 19884 | Orc:1    | Noticed AwFulAwFulPlayer's ghost (journeyman DsCK)
 19887 | Orc:1    | Found a transporter.
 19916 | Orc:1    | Noticed a cacodemon
 20012 | Orc:1    | Found Ojo Wekh's Jewellery Emporium.
 20028 | Orc:1    | Bought the ring "Kexoecs" {Will+ Str+3} for 497 gold pieces
 20451 | Orc:2    | Entered Level 2 of the Orcish Mines
 20766 | Orc:2    | Found Amupn's Armour Shop.
 20766 | Orc:2    | Found Firchif's General Store.
 21171 | Orc:2    | Found a runed translucent door.
 21172 | Orc:2    | Found a shimmering altar of Xom.
 21172 | Orc:2    | Noticed Zeldest's ghost (journeyman DsIE)
 21333 | Orc:2    | Found Leotun's Book Shop.
 21449 | Orc:2    | Found Waegul's Armour Shoppe.
 21532 | Orc:2    | Bought a scarf of resistance for 512 gold pieces
 21590 | Orc:2    | Found a staircase to the Elven Halls.
 22804 | Snake:1  | Entered Level 1 of the Snake Pit
 22854 | Snake:1  | Got Sif Muna's Folio of the Winter
 23025 | Snake:1  | Gained mutation: You sometimes emit foul miasma when
                  | damaged in melee. [demonic ancestry]
 23025 | Snake:1  | Reached XP level 15. HP: 113/115 MP: 27/27
 23218 | Snake:1  | Reached skill level 5 in Throwing
 23657 | Snake:2  | HP: 5/115 [poisoned by a naga (splash of poison)]
 24188 | Snake:2  | Slain by a naga warrior

Illustrated notes

Levels and vault maps discovered:
D:1:      heliophobic_arrival_enchanted_forest, layout_basic, serial_shops,
          shop, shop, shop
D:2:      layout_loops_ring, basic_altar, uniq_terence
D:3:      layout_basic, mainiacjoe_overflow_surrounded_room,
          general_overflow_altar, chequers_serial_rivers_marsh,
          chequers_arboretum, minmay_misc_feat_chi, minivault_23,
          kennysheep_generic_room_10
D:4:      layout_loops_ring, minivault_25, wad_orctagon, uniq_pikel
D:5:      layout_cave_pods, mainiacjoe_overflow_alcove_4, portal_sewer_entry_e,
          serial_shops, nicolae_shop_tiny_glass,
          nicolae_shop_pleasant_corner_grove
D:6:      layout_basic, mainiacjoe_overflow_catwalk_spiral,
          minmay_temple_entry_ruins
D:7:      layout_cave_pools, nicolae_ru_the_path_less_chosen, uniq_menkaure,
          uniq_duvessa
D:8:      layout_rooms, mainiacjoe_overflow_catwalk, grunt_decor_resistance
D:9:      layout_roguey, david_lair_shrubbed, enter_bailey_3, serial_aquarium,
          aquarium_bridge_square [aquarium_subvault_window,
          aquarium_subvault_bridge, aquarium_subvault_wall,
          aquarium_subvault_window], aquarium_bridge_square
          [aquarium_subvault_window, aquarium_subvault_bridge,
          aquarium_subvault_wall, aquarium_subvault_bridge],
          aquarium_window_fake, aquarium_window_1, aquarium_view_2e,
          aquarium_view_4, aquarium_balcony_double_4, aquarium_pool_2
D:10:     minmay_octagon_keep, layout_irregular_city
D:11:     layout_loops_corners, david_orc_5, reono_crystal_passage
Lair:1:   layout_roguey, gammafunk_ghost_icy, serial_forest,
          infiniplex_forest_lined_2, infiniplex_forest_lined_2,
          infiniplex_forest_split, infiniplex_forest_side_room,
          infiniplex_forest_lined_corner, lemuel_altar_in_water2
Lair:2:   nzn_winding_woodlands_medium [nzn_winding_woodlands_5x5_default,
          nzn_winding_woodlands_5x15_river_crossing,
          nzn_winding_woodlands_5x5_default, nzn_winding_woodlands_5x5_cross,
          nzn_winding_woodlands_center_diamonds,
          nzn_winding_woodlands_5x5_open_star, nzn_winding_woodlands_hourglass,
          nzn_winding_woodlands_5x15_zeroes, nzn_winding_woodlands_5x5_three],
          layout_cave_pods
Lair:3:   layout_loops_ring, palyth_hydra_swamp_entry,
          nicolae_snake_entry_warm_welcome, grunt_megastairs_4
Lair:4:   layout_regular_city, minmay_slime_entry_eyes, enter_volcano_2,
          lemuel_fruit_tree
Lair:5:   guppyfry_lair_end_dragon, layout_cave_pods, basic_altar
Snake:1:  layout_onion_interference, nicolae_snake_shapes
Snake:2:  layout_onion
Orc:1:    layout_caves, serial_shops, nicolae_shop_window_shopping,
          gammafunk_ghost_abyssal_escape, mines_bat_river, uniq_sonja,
          uniq_harold, uniq_nergalle
Orc:2:    st_orc_town, layout_caves, ebering_ghost_xom, hangedman_minor_magic

Skill      XL: |  1  2  3  4  5  6  7  8  9 10 11 12 13 14 15 |
---------------+----------------------------------------------+-----
Fighting       | 3 4 5 10 | 10.0
Maces & Flails | 1 2 5 8 10 12 | 12.0
Armour         | 3 4 9 10 13 14 | 14.0
Throwing       | 4 8 |  8.9
Evocations     | 3 5 |  5.0
Invocations    | 10 14 16 | 16.0
Shields        | 7 |  7.0
Short Blades   | |  2.6
Dodging        | |  2.6

Action                     |  1- 3 |  4- 6 |  7- 9 | 10-12 | 13-15 || total
---------------------------+-------+-------+-------+-------+-------++-------
  Melee: Short sword       |    51 |       |       |       |       ||    51
         Rapier            |     8 |       |       |       |       ||     8
         Mace              |    22 |    45 |   428 |   533 |  1143 ||  2171
         Headbutt          |     4 |     5 |    60 |   124 |   330 ||   523
         Punch             |       |       |     4 |       |       ||     4
  Throw: Boomerang         |       |       |     3 |     2 |     7 ||    12
         Throwing net      |       |       |     2 |     2 |       ||     4
         Dart              |       |       |       |     1 |       ||     1
 Invoke: Major Destruction |       |       |     2 |     1 |     6 ||     9
         Lesser Servant of |       |       |       |     5 |     3 ||     8
         Greater Servant o |       |       |       |       |     5 ||     5
  Evoke: Wand              |       |       |       |     2 |       ||     2
    Use: Scroll            |     4 |     2 |    16 |     3 |     5 ||    30
         Potion            |       |     8 |       |     1 |     2 ||    11
   Stab: Sleeping          |     1 |       |       |       |       ||     1
         Distracted        |       |       |     1 |     2 |     6 ||     9
         Held in net/web   |       |       |       |     4 |       ||     4
 Armour: Leather armour    |    20 |       |       |       |    13 ||    33
         Chain mail        |       |    32 |   124 |       |       ||   156
         Ring mail         |       |       |    78 |     1 |       ||    79
         Crystal plate arm |       |       |       |   453 |   656 ||  1109
  Dodge: Dodged            |    49 |    31 |   361 |   136 |   288 ||   865
  Block: Tower shield      |       |       |       |   603 |  1411 ||  2014

Table legend: (Time is in decaauts)
 A = Elapsed time spent in this place.
 B = Non-inter-level travel time spent in this place.
 C = Inter-level travel time spent in this place.
 D = Time resting spent in this place.
 E = Time spent auto-exploring this place.
 F = Levels seen in this place.
 G = Mean time per level.
                   A        B        C        D        E       F      G
               +--------+--------+--------+--------+--------+-----+--------+
         Total |  24640 |  23053 |   1587 |   4596 |  13541 |  23 | 1071.3 |
       Dungeon |  11477 |  10328 |   1149 |   1604 |   6887 |  11 | 1043.4 |
          Lair |   7917 |   7582 |    335 |   1720 |   4093 |   5 | 1583.4 |
     Snake Pit |   1406 |   1356 |     50 |    416 |    582 |   2 |  703.0 |
  Orcish Mines |   2343 |   2291 |     52 |    389 |   1384 |   2 | 1171.5 |
         Sewer |    329 |    329 |      0 |      0 |    212 |   1 |  329.0 |
        Bailey |    824 |    824 |      0 |    467 |    137 |   1 |  824.0 |
       Volcano |    340 |    340 |      0 |      0 |    245 |   1 |  340.0 |
               +--------+--------+--------+--------+--------+-----+--------+

Top non-repeatable levels by time:
  Lair:1: 2065 daAuts
  Lair:2: 1780 daAuts
   Orc:2: 1495 daAuts
     D:9: 1477 daAuts
  Lair:3: 1403 daAuts
  Lair:4: 1369 daAuts
     D:5: 1344 daAuts
     D:2: 1298 daAuts
  Lair:5: 1297 daAuts
 Snake:1: 1220 daAuts
     D:6: 1170 daAuts
     D:3: 1080 daAuts
     D:4: 1060 daAuts
    D:11: 1054 daAuts
    D:10: 903 daAuts
